 Dungeon Crawl Stone Soup version 0.23-a0-389-g4a5eb33 (webtiles) character file.

58 Cryolive the Digger (level 4, 0/24 HPs)
             Began as a Gargoyle Earth Elementalist on Oct 29, 2018.
             Slain by a hobgoblin
             ... wielding a +0 club
              (2 damage)
             ... on level 1 of the Dungeon.
             The game lasted 00:03:50 (2574 turns).

Cryolive the Digger (Gargoyle Earth Elementalist)   Turns: 2574, Time: 00:03:50

Health: 0/24       AC:  5    Str: 12    XL:     4   Next: 2%
Magic:  0/8        EV: 12    Int: 16    God:
Gold:   37         SH:  0    Dex: 10    Spells: 4/8 levels left

rFire    . . .     SeeInvis .   a - +0 club
rCold    . . .     Gourm    .   (no shield)
rNeg     + . .     Faith    .   c - +0 robe
rPois    ∞         Spirit   .   (no helmet)
rElec    +         Reflect  .   (no cloak)
rCorr    .         Harm     .   (no gloves)
MR       .....                  (no boots)
Stlth    ++........             (no amulet)
HPRegen  0.08/turn              (no ring)
MPRegen  0.11/turn              (no ring)

@: very slightly contaminated
A: negative energy resistance 1, electricity resistance, unbreathing,
petrification resistance, rot immunity, AC +3
a: no special abilities


You were on level 1 of the Dungeon.
You were hungry.

You visited 1 branch of the dungeon, and saw 2 of its levels.

You collected 37 gold pieces.

Inventory:

Hand Weapons
 a - a +0 club (weapon)
Missiles
 b - 56 stones (quivered)
Armour
 c - a +0 robe (worn)
Scrolls
 e - a scroll of amnesia {unknown}
 g - a scroll of enchant weapon {unknown}
 j - a scroll of remove curse {unknown}
Potions
 f - 2 potions of curing {unknown}
 h - a potion of flight {unknown}
 i - a potion of brilliance {unknown}
Comestibles
 d - 3 rations


   Skills:
 - Level 1.5 Dodging
 - Level 2.1 Stealth
 + Level 2.9 Spellcasting
 + Level 1.1 Conjurations
   Level 0.7 Transmutations
 + Level 4.6 Earth Magic


You had 4 spell levels left.
You knew the following spells:

 Your Spells              Type           Power        Failure   Level  Hunger
a - Sandblast             Erth           ###...       2%          1    #......
b - Stone Arrow           Conj/Erth      ##....       17%         3    ###....

Your spell library contained the following spells:

 Spells                   Type           Power        Failure   Level  Hunger
 Passwall                 Tmut/Erth      ##......     10%         2    ##.....
 Petrify                  Tmut/Erth      ##......     52%         4    #####..
 Lee's Rapid Deconstruct  Erth           ###.......   58%         5    ######.


Dungeon Overview and Level Annotations

Branches:
Dungeon (2/15)

Altars:


Innate Abilities, Weirdness & Mutations

You are resistant to torment.
Your stone body is resilient. (AC +3)
You are immune to poison.
You resist negative energy. (rN+)
You are resistant to electric shocks. (rElec)
You can survive without breathing.
You are immune to petrification.
You are immune to rotting.


Message History

The phantom hits you.
* * * LOW HITPOINT WARNING * * *
The jackal closely misses you.
Casting: Sandblast (safe; 2% risk of failure)
Confirm with . or Enter, or press ? or * to list all spells.
Aiming: Sandblast (safe; 2% risk of failure)
Press: ? - help, Shift-Dir - straight line, f/p - phantom
Aim: a phantom (moderately damaged)
The blast of sand misses the phantom.
b - 56 stones The phantom barely misses you.
The jackal closely misses you.
You hit the jackal.
You kill the jackal!
The phantom hits you but does no damage.
The phantom closely misses you.
You barely miss the hobgoblin. The hobgoblin barely misses you.
The phantom hits you.
* * * LOW HITPOINT WARNING * * *
The hobgoblin hits you with a +0 club.
You die...

## ########.......# #.# .#
#........####..####.#
.####.#####..#.......##.#
.........##..#.##[......#
.####.##.......##.##.#### .#
#.###.....###.##.###### .# #.#
##...## #.##......# .#
#.#####..####W#######.# .#
#........>)g@.# #.# .##
#######.####### #†# ..# ##'##
#†# ..# ##...## ####.##### #.#
##.....## ##........# #.##
##.......## ##..##.###.#
...####.........####...##.# #.#
......'.........).......#.# #.#
...####.........##........###.#


You could see a phantom and a hobgoblin.

Vanquished Creatures
  2 adders (D:1)
  A dart slug (D:1)
  6 bats (D:1)
  A giant cockroach (D:1)
  4 goblins (D:1)
  6 hobgoblins (D:1)
  4 jackals (D:1)
  5 kobolds (D:1)
  2 frilled lizards (D:1)
  7 rats (D:1)
38 creatures vanquished.

Notes
Turn   | Place    | Note
-------+----------+-------------------------------------------
     0 | D:1      | Cryolive the Gargoyle Earth Elementalist began the quest
                  | for the Orb.
     0 | D:1      | Reached XP level 1. HP: 10/10 MP: 3/3
   349 | D:1      | Reached XP level 2. HP: 8/15 MP: 3/5
   520 | D:1      | Reached skill level 4 in Earth Magic
  1249 | D:1      | Reached XP level 3. HP: 8/19 MP: 3/6
  1257 | D:1      | Learned a level 3 spell: Stone Arrow
  2234 | D:2      | Noticed a phantom
  2265 | D:1      | Reached skill level 1 in Conjurations
  2567 | D:1      | Reached XP level 4. HP: 6/24 MP: 0/8
  2574 | D:1      | Slain by a hobgoblin

Vault maps used:
D:1:      roderic_chinese_lattice_arrival, minivault_25
D:2:      cheibrodos_greedy_goblins, overflow_temple_1_default,
          lemuel_another_geyser

Skill      XL: |  1  2  3 |
---------------+----------+-----
Earth Magic    | 4 |  4.6
Conjurations   | 1 |  1.1
Dodging        | |  1.5
Stealth        | |  2.1
Spellcasting   | |  2.9
Transmutations | |  0.7

Action                   |  1- 3 |  4- 6 || total
-------------------------+-------+-------++-------
Melee: Club              |   152 |     5 ||   157
       Unarmed           |     5 |       ||     5
 Cast: Sandblast         |    24 |     1 ||    25
       Stone Arrow       |     1 |       ||     1
 Stab: Sleeping          |     3 |       ||     3
  Eat: Chunk             |     5 |       ||     5
Armor: Robe              |    94 |     3 ||    97
Dodge: Dodged            |   151 |    10 ||   161

Table legend:
 A = Non-vault XP
 B = Vault XP
 C = Vault XP percentage of total XP
 D = Non-vault monster count
 E = Vault monster count
 F = Vault count percentage of total count
                 A         B        C        D         E       F
            +---------+---------+-------+---------+---------+-------
      Total |      84 |       0 |   0.0 |      38 |       0 |   0.0
            +---------+---------+-------+---------+---------+-------
        D:1 |      84 |       0 |   0.0 |      38 |       0 |   0.0
            +---------+---------+-------+---------+---------+-------
